 Dungeon Crawl Stone Soup version 0.18-a0-23-g19353e1 (webtiles) character file.

37228 mrath the Fighter (level 13, -11/117 HPs)
             Began as a Minotaur Fighter on Nov 2, 2015.
             Was an Elder of Okawaru.
             Mangled by Rupert
             ... wielding a +3 antimagic great sword
              (26 damage)
             ... on level 5 of the Lair of Beasts.
             The game lasted 03:23:34 (23716 turns).

mrath the Fighter (Minotaur Fighter)               Turns: 23716, Time: 03:23:34

Health: -11/117    AC: 25    Str: 26    XL:     13   Next: 57%
Magic:  0/17       EV: 13    Int:  5    God:    Okawaru [****..]
Gold:   787        SH: 15    Dex: 10    Spells: 0 memorised, 12 levels left

rFire  . . .     SeeInvis .     K - +3 flail
rCold  + . .     Clarity  .     u - +0 plate armour
rNeg   . . .     SustAt   .     c - +0 shield
rPois  +         Gourm    .     (helmet restricted)
rElec  .         Spirit   +     P - +1 cloak {rPois}
rCorr  .         Warding  .     r - +2 pair of gloves
rMut   .         Stasis   .     G - +0 pair of boots
MR     +....                    v - amulet of guardian spirit
Stlth  ..........               f - ring of protection from magic
                                E - ring of protection from cold

@: about to teleport, heroism, finesse, very slightly contaminated, hasted, very
quick, somewhat resistant to hostile enchantments, extremely unstealthy
A: retaliatory headbutt, horns 2
a: Heroism, Renounce Religion


You were on level 5 of the Lair of Beasts.
You worshipped Okawaru.
Okawaru was greatly pleased with you.
You were hungry.

You visited 3 branches of the dungeon, and saw 15 of its levels.
You also visited: Sewer and Ice Cave.

You collected 787 gold pieces.

Inventory:

Hand Weapons
 a - a +0 war axe
 D - a +0 greatsling
 K - a +3 flail (weapon)
 U - a +0 hand crossbow
Missiles
 b - 33 bolts
 g - 3 javelins (quivered)
 C - 81 sling bullets
 I - 5 tomahawks
Armour
 c - a +0 shield (worn)
 r - a +2 pair of gloves (worn)
 u - a +0 plate armour (worn)
 G - a +0 pair of boots (worn)
 P - a +1 cloak of poison resistance (worn)
Jewellery
 f - a ring of protection from magic (right hand)
 h - an uncursed ring of ice
 v - an amulet of guardian spirit (around neck)
 E - a ring of protection from cold (left hand)
Wands
 i - a wand of cold (2)
 t - a wand of cold (6)
 x - a wand of frost (30)
 H - a wand of digging (14)
 W - a wand of heal wounds (2)
Scrolls
 e - a scroll of amnesia {unknown}
 m - 6 scrolls of teleportation
 s - 8 scrolls of remove curse
 y - a scroll of identify
 z - 3 scrolls of fog
 B - 3 scrolls of blinking
Potions
 d - 3 potions of lignification
 k - 3 potions of curing
 l - a potion of resistance
 w - a potion of flight
 F - a potion of berserk rage
 M - a potion of haste
 N - 4 potions of cancellation
Books
 p - a book of Death

   Spells                             Type                      Level
   a - Corpse Rot                     Necromancy                   2
   b - Sublimation of Blood           Necromancy                   2
   c - Agony                          Necromancy                   5
   d - Dispel Undead                  Necromancy                   5
   e - Excruciating Wounds            Charms/Necromancy            5
   f - Bolt of Draining               Conjuration/Necromancy       5
Miscellaneous
 j - a fan of gales
 o - a box of beasts
Comestibles
 n - 5 chunks of flesh
 O - 10 fruits


   Skills:
 + Level 11.9(16.9) Fighting
 - Level 11.2(16.6) Axes
 + Level 4.5(13.6) Maces & Flails
 + Level 11.4(16.4) Armour
 + Level 10.3(15.3) Dodging
 + Level 11.6(16.6) Shields
 + Level 7.6 Invocations
 + Level 6.7 Evocations


You had 12 spell levels left.
You didn't know any spells.

Dungeon Overview and Level Annotations

Branches:
Dungeon (9/15)             Temple (1/1) D:5            Lair (5/8) D:9
  Swamp (0/4) Lair:4       Spider (0/4) Lair:4
    Orc: D:9-12

Altars:
Ashenzari
Cheibriados
Dithmenos
Elyvilon
Fedhas
Gozag
Kikubaaqudgha
Makhleb
Nemelex Xobeh
Okawaru
Qazlal
Ru
Sif Muna
Trog
Xom
Yredelemnul
Zin
The Shining One
Lugonu

Shops:
D:6 [%

Annotations:
Lair:4 exclusion: oklob plant
Lair:5 Rupert


Innate Abilities, Weirdness & Mutations

You reflexively headbutt those who attack you in melee.
You have a pair of horns on your head.


Message History

Okay, then.
Read which item? (? for menu, Esc to quit)
As you read the scroll of teleportation, it crumbles to dust.
You feel strangely unstable. Rupert hits you but does no damage.
You hit Rupert.
Rupert is heavily wounded.
You sock Rupert! You headbutt Rupert.
Rupert is severely wounded.
You bludgeon Rupert!! You headbutt Rupert, but do no damage.
Rupert is almost dead.
Rupert hits you with an antimagic great sword!
* * * LOW HITPOINT WARNING * * *
You sock Rupert! You headbutt Rupert, but do no damage.
Rupert is almost dead.
You thump Rupert!
Rupert is almost dead.
You barely miss Rupert. Your headbutt misses Rupert.
Rupert is almost dead.
Rupert hits you with an antimagic great sword!!
You die...

.#.....##......P..###......##....
##.....##.....#...P####.#.####...
#P.....###.#.......##..#.#.......
.......##..#.....................
.................................
.................................
.....................#.###.......
#.#..##....###.#....###.P.####...
.##..P##..#.#.##@@...#....#.##...
.#....###.P...#.....##......#....
≈♣+..P##.....##............P.#...
.≈...###.....##..................
..≈............#....P##......#...
...≈♣#.#.#...P##.....##......#...
.≈≈≈♣........##P.....##..####....
≈.≈..................#......#P...
.≈.≈.....................PP.#P...


You could see Rupert (berserk).

Vanquished Creatures
  The ghost of Uberwunderbarhen the Nimble, a journeyman OpFi of Makhleb (Lair:5)
  Fannar (Lair:2)
  A hydra (Lair:2)
  A catoblepas (Lair:4)
  A queen ant (Lair:2)
  3 death yaks
  A fire crab (Lair:5)
  The ghost of Raultor the Basher, a novice GrFi of Okawaru (D:7)
  A necromancer (IceCv)
  The ghost of glosham the Cleaver, a novice DsCK of Xom (D:4)
  An ice statue (IceCv)
  A torpor snail (Lair:5)
  Psyche (D:8)
  5 black mambas
  8 spiny frogs
  4 komodo dragons
  2 fire drakes
  10 freezing wraiths (IceCv)
  Grinder (D:6)
  Prince Ribbit (D:7)
  25 blink frogs
  A two-headed ogre (D:9)
  A deep elf fighter (D:9)
  A tarantella (Lair:4)
  A hungry ghost (D:9)
  3 death yak simulacra (IceCv)
  15 yaks
  A human (D:9)
  2 hippogriffs
  4 basilisks
  11 wolves
  5 soldier ants (Lair:2)
  4 orc warriors
  17 water moccasins
  10 porcupines
  10 ice beasts
  6 sky beasts
  3 black bears (D:6)
  3 ogres
  4 phantoms
  6 crocodiles
  8 centaurs
  Blork the orc (D:6)
  21 giant frogs
  A scorpion (D:9)
  A wyvern skeleton (D:8)
  2 electric eels
  5 crimson imps
  3 giant frog zombies
  2 giant frog skeletons
  4 orc priests
  2 hounds
  Crazy Yiuf (D:7)
  5 orc wizards
  8 draconian simulacra (IceCv)
  Terence (D:2)
  7 iguanas
  A wolf simulacrum (IceCv)
  5 troll simulacra (IceCv)
  13 worker ants
  13 sheep
  A centaur simulacrum (IceCv)
  2 hound zombies
  A hound skeleton (D:4)
  3 ogre simulacra (IceCv)
  22 river rats
  10 adders
  A worker ant zombie (D:9)
  7 gnolls
  3 naga simulacra (IceCv)
  2 shadow imps (D:5)
  12 white imps (IceCv)
  11 oozes
  An adder skeleton (D:8)
  An adder zombie (D:9)
  4 worms (D:2)
  45 orcs
  15 bats
  12 giant cockroaches
  4 goblins
  3 hobgoblins
  12 jackals
  9 kobolds
  A quokka (D:5)
  9 ball pythons
  17 giant geckos
  A giant gecko zombie (D:7)
  16 giant newts
  A quokka skeleton (D:8)
  18 rats
  3 fungi
  4 plants
534 creatures vanquished.

Vanquished Creatures (others)
  5 fungi
  4 plants
9 creatures vanquished.

Grand Total: 543 creatures vanquished

Notes
Turn   | Place    | Note
--------------------------------------------------------------
     0 | D:1      | mrath the Minotaur Fighter began the quest for the Orb.
     0 | D:1      | Reached XP level 1. HP: 19/19 MP: 0/0
   146 | D:1      | Reached XP level 2. HP: 25/27 MP: 1/1
   288 | D:1      | Reached skill level 1 in Dodging
   458 | D:2      | Found a burning altar of Makhleb.
   695 | D:2      | Reached XP level 3. HP: 33/33 MP: 2/2
  1006 | D:2      | Found a stormy altar of Qazlal.
  1019 | D:2      | Reached skill level 4 in Armour
  1031 | D:2      | Found a stormy altar of Qazlal.
  1316 | D:2      | Noticed Terence
  1330 | D:2      | Killed Terence
  1330 | D:2      | Reached XP level 4. HP: 35/40 MP: 3/3
  1761 | D:3      | Found a glowing drain.
  1767 | Sewer    | Entered a sewer
  1812 | Sewer    | Reached XP level 5. HP: 43/46 MP: 4/4
  2475 | Sewer    | Reached skill level 5 in Fighting
  2475 | Sewer    | Reached XP level 6. HP: 45/56 MP: 5/5
  3449 | D:4      | Reached skill level 5 in Shields
  3622 | D:4      | Found a sparkling altar of Nemelex Xobeh.
  3631 | D:4      | Found an ancient bone altar of Kikubaaqudgha.
  3679 | D:4      | Reached skill level 5 in Armour
  3684 | D:4      | Reached skill level 5 in Axes
  3684 | D:4      | Reached XP level 7. HP: 37/61 MP: 3/6
  3852 | D:4      | Noticed glosham's ghost (novice DsCK)
  3875 | D:4      | Killed glosham's ghost
  3875 | D:4      | Reached skill level 6 in Fighting
  3995 | D:4      | Reached XP level 8. HP: 51/70 MP: 4/7
  4706 | D:4      | Found a blossoming altar of Fedhas.
  4706 | D:4      | Found a sacrificial altar of Ru.
  4810 | D:4      | Found a deep blue altar of Sif Muna.
  4941 | D:5      | Entered Level 5 of the Dungeon
  4986 | D:5      | Found an iron altar of Okawaru.
  4994 | D:5      | Became a worshipper of Warmaster Okawaru
  5286 | D:5      | Found a staircase to the Ecumenical Temple.
  5432 | D:5      | Reached skill level 5 in Dodging
  5500 | D:5      | Reached skill level 7 in Fighting
  5682 | D:5      | Reached * piety under Okawaru
  5883 | D:5      | Found a snail-covered altar of Cheibriados.
  6325 | D:6      | Found Loci's Armour Emporium.
  6414 | D:6      | Noticed Grinder
  6414 | D:6      | Paralysed by Grinder for 3 turns
  6428 | D:5      | Reached XP level 9. HP: 77/79 MP: 8/8
  6441 | D:6      | Paralysed by Grinder for 2 turns
  6444 | D:6      | Killed Grinder
  6678 | D:6      | Noticed Blork the orc
  6772 | D:6      | Found a bloodstained altar of Trog.
  6787 | D:6      | Reached ** piety under Okawaru
  7200 | D:6      | Reached skill level 8 in Fighting
  7222 | D:6      | Killed Blork the orc
  7379 | D:6      | Found Siosaneot's Food Shop.
  7777 | D:7      | Reached skill level 1 in Invocations
  7779 | D:7      | Reached *** piety under Okawaru
  7920 | D:7      | Noticed Raultor's ghost (novice GrFi)
  7955 | D:7      | Killed Raultor's ghost
  7955 | D:7      | Reached skill level 1 in Evocations
  7955 | D:7      | Reached XP level 10. HP: 74/90 MP: 4/10
  8039 | D:7      | Found a white marble altar of Elyvilon.
  8118 | D:7      | Noticed Prince Ribbit
  8132 | D:7      | Killed Prince Ribbit
  8437 | D:7      | Noticed Crazy Yiuf
  8440 | D:7      | Killed Crazy Yiuf
  8557 | Temple   | Entered the Ecumenical Temple
  8712 | D:8      | Noticed Psyche
  8718 | D:8      | Killed Psyche
  8859 | D:8      | Reached **** piety under Okawaru
  9275 | D:8      | Reached skill level 9 in Fighting
  9379 | D:8      | Found a glowing silver altar of Zin.
  9379 | D:8      | Noticed an angel
  9816 | D:9      | Found a shimmering altar of Xom.
 10000 | D:8      | Upgraded the game from 0.18-a0-19-g8b99b3a to 0.18-a0-23-g19353e1
 10192 | D:9      | Found an ancient bone altar of Kikubaaqudgha.
 10441 | D:9      | Found a shimmering altar of Xom.
 10441 | D:9      | Found a shimmering altar of Xom.
 10441 | D:9      | Found a shimmering altar of Xom.
 10569 | D:9      | Found a staircase to the Lair.
 10580 | D:9      | Received a gift from Okawaru
 10597 | Lair:1   | Entered Level 1 of the Lair of Beasts
 11190 | Lair:1   | Reached XP level 11. HP: 90/97 MP: 10/12
 11565 | Lair:1   | Reached ***** piety under Okawaru
 12248 | Lair:1   | Reached skill level 10 in Fighting
 12493 | Lair:1   | Reached skill level 10 in Axes
 13170 | Lair:2   | Reached skill level 5 in Invocations
 13417 | Lair:2   | Reached skill level 10 in Shields
 13601 | Lair:2   | Noticed a queen ant
 13632 | Lair:1   | Received a gift from Okawaru
 13637 | Lair:1   | Got a warped shield {god gift}
 13681 | Lair:1   | Identified the +0 shield of the Hanged Man {rC- Regen+ Str+2 Stlth+} (Okawaru gifted it to you on level 1 of the Lair of Beasts)
 13981 | Lair:2   | Reached skill level 10 in Armour
 14096 | Lair:2   | Noticed Fannar
 14125 | Lair:2   | Killed Fannar
 14682 | Lair:2   | Killed a queen ant
 14682 | Lair:2   | Reached XP level 12. HP: 34/107 MP: 12/15
 15931 | Lair:2   | Noticed a seven-headed hydra
 15948 | Lair:2   | Killed a seven-headed hydra
 16126 | Lair:2   | Reached skill level 5 in Evocations
 16307 | Lair:3   | Reached skill level 11 in Fighting
 16770 | Lair:3   | Found a frozen archway.
 17096 | IceCv    | Entered an ice cave
 17851 | IceCv    | Reached skill level 1 in Maces & Flails
 18083 | IceCv    | Found an ancient bone altar of Kikubaaqudgha.
 19067 | IceCv    | Reached XP level 13. HP: 40/116 MP: 6/17
 19757 | Lair:3   | Found a snail-covered altar of Cheibriados.
 20930 | Lair:4   | Found a staircase to the Swamp.
 21256 | Lair:4   | Found a hole to the Spider Nest.
 21366 | Lair:4   | Received a gift from Okawaru
 21520 | Lair:4   | Reached skill level 10 in Dodging
 22528 | Lair:5   | Noticed Uberwunderbarhen's ghost (journeyman OpFi)
 22538 | Lair:5   | Killed Uberwunderbarhen's ghost
 22717 | Lair:5   | Noticed Rupert
 23716 | Lair:5   | Mangled by Rupert

Vault maps used:
D:1:      dpeg_arrival_pits
D:2:      nicolae_overflow_crystal_walls, overflow_temple_1_default,
          grunt_decor_one_mirror, glass_columns_a,
          nicolae_qazlal_general_emergency, uniq_terence
D:3:      first_bread, lightli_sewer_entry_pipes
D:4:      gammafunk_temple_overflow_elements, grunt_temple_overflow_open,
          minmay_stone_trees_medium, st_stairs_3, lemuel_blue_sif_altar
D:5:      okawaru_metal_pillars_1_2, cheibriados_altar_1, temple_pool_b
D:6:      trog_ov_bears_minmay, serial_shops, nicolae_shop_behind_doors,
          nicolae_shop_statue_plus, hangedman_decor_peaks_small, uniq_grinder,
          uniq_blork_the_orc
D:7:      lemuel_round_altar, uniq_prince_ribbit1, uniq_crazy_yiuf_cottage
D:8:      zin_angel, uniq_psyche
D:9:      xom_redecorated, grunt_lair_entry_elf_guard_hut, basic_altar,
          grunt_livestock
Temple:   corrupted_temple
Lair:2:   serial_bayou_pond_c, wad_woods_antlair, bh_autumn_forest_stairs,
          uniq_fannar
Lair:3:   portal_ice_cave_entry_pillars_02, st_stairs_10, lemuel_centaur_altar
Lair:4:   beast_lair_carwin_large_3, swamp_mist_pool, spider_nest_entry_rubble,
          st_stairs_6, grunt_forest_large_clearings, infiniplex_staircase_pool
Lair:5:   nicolae_quartered_pool_little, uniq_rupert
Sewer:    sewer_frog_island_02
IceCv:    ice_cave_small_necro

Action                   |  1- 3 |  4- 6 |  7- 9 | 10-12 | 13-15 || total
-------------------------+-------+-------+-------+-------+-------++-------
Melee: War axe           |    63 |   187 |   324 |   439 |       ||  1013
       Flail             |       |       |       |   719 |   354 ||  1073
 Fire: Hunting sling     |       |    10 |     5 |       |       ||    15
       Hand crossbow     |       |       |       |    81 |       ||    81
Throw: Stone             |    29 |    59 |    80 |    36 |       ||   204
       Tomahawk          |       |    27 |    21 |    76 |     6 ||   130
       Javelin           |       |       |       |    23 |    23 ||    46
Invok: Heroism           |       |       |     1 |     8 |     4 ||    13
       Finesse           |       |       |       |     5 |     4 ||     9
Evoke: Wand              |       |       |     1 |     1 |     1 ||     3
  Use: Potion            |       |       |     2 |     3 |     2 ||     7
       Scroll            |       |       |       |    12 |     3 ||    15
  Eat: Chunk             |     1 |     9 |     6 |    16 |     6 ||    38
       Beef jerky        |       |       |     1 |     3 |       ||     4
       Royal jelly       |       |       |     1 |       |       ||     1
       Bread ration      |       |       |     1 |     3 |     1 ||     5
       Pizza             |       |       |       |     7 |       ||     7
       Fruit             |       |       |       |       |     3 ||     3
